 Dungeon Crawl Stone Soup version 0.25.1-2-g60ff931df9 (webtiles) character file.

Game seed: 6555080720473959580

2791 Drachen the Slasher (level 9, -9/73 HPs)
             Began as a Demigod Gladiator on Oct 20, 2020.
             Mangled by a two-headed ogre
             ... wielding a +0 giant club
              (11 damage)
             ... on level 8 of the Dungeon.
             The game lasted 00:19:07 (9522 turns).

Drachen the Slasher (Demigod Gladiator)             Turns: 9522, Time: 00:19:08

Health: -9/73      AC: 13    Str: 19    XL:     9   Next: 20%
Magic:  11/11      EV: 16    Int: 21    God:
Gold:   97         SH:  0    Dex: 21    Spells: 8/8 levels left

rFire    . . .     SeeInvis +   H - +2 falchion "Jeolavut" {freeze, Int+7 SInv} (curse)
rCold    . . .     Gourm    .   (no shield)
rNeg     + + .     Faith    .   l - +2 ring mail {rN+}
rPois    .         Spirit   .   c - +0 helmet
rElec    .         Reflect  .   B - scarf {repulsion}
rCorr    .         Harm     .   (no gloves)
MR       .....                  (no boots)
Stlth    +.........             x - amulet of regeneration
HPRegen  0.62/turn              w - ring of positive energy
MPRegen  0.12/turn              I - +4 ring of protection

@: repel missiles
A: clever 1, high mp 1, robust 1
a: no special abilities


You were on level 8 of the Dungeon.
You were not hungry.

You visited 1 branch of the dungeon, and saw 8 of its levels.
You also visited: Sewer and Ossuary.

You collected 418 gold pieces.
You spent 321 gold pieces at shops.

Inventory:

Hand Weapons
 a - a +1 rapier
 H - the cursed +2 falchion "Jeolavut" (weapon) {freeze, Int+7 SInv}
   (You bought it in a shop on level 6 of the Dungeon)

   It has been specially enchanted to freeze those struck by it, causing extra
   injury to most foes and up to half again as much damage against particularly
   susceptible opponents.
   It can also slow down cold-blooded creatures.
   It affects your intelligence (+7).
   It lets you see invisible.
   It has a curse placed upon it.
Missiles
 d - 3 throwing nets
 m - 25 poisoned darts (quivered)
 q - 12 boomerangs
Armour
 c - a +0 helmet (worn)
 l - a +2 ring mail of positive energy (worn)
 B - a scarf of repulsion (worn)
 K - the +4 robe of the Ego {MP+9}
   (You found it on level 7 of the Dungeon)

   It affects your magic capacity (+9).
Jewellery
 w - a ring of positive energy (left hand)
 x - an amulet of regeneration (around neck)
 I - a +4 ring of protection (right hand)
Wands
 u - a wand of flame (39)
 y - a wand of enslavement (7)
Scrolls
 j - 5 scrolls of teleportation
 n - 3 scrolls of enchant weapon
 s - 5 scrolls of identify
 t - 3 scrolls of fog {unknown}
 z - a scroll of amnesia {unknown}
 E - a scroll of blinking
 F - a scroll of remove curse
 G - 3 scrolls of fear {unknown}
Potions
 e - 2 potions of mutation
 g - 2 potions of heal wounds
 h - 2 potions of lignification
 i - a potion of magic {unknown}
 k - 2 potions of brilliance
 o - 3 potions of berserk rage {unknown}
 p - 6 potions of might
 r - a potion of resistance {unknown}
 v - 4 potions of curing
 A - 2 potions of haste {unknown}
 C - a potion of ambrosia {unknown}
 D - 2 potions of flight {unknown}
Comestibles
 f - 10 rations
 J - 2 chunks of flesh


   Skills:
 - Level 2.0 Fighting
 - Level 5.0(6.9) Short Blades
 + Level 7.3(8.1) Long Blades
 - Level 2.0 Throwing
 - Level 5.0 Armour
 - Level 7.0 Dodging


You had 8 spell levels left.
You didn't know any spells.
Your spell library contained the following spells:

 Spells                   Type           Power        Failure   Level  Hunger
 Searing Ray              Conj           #.....       41%         2    ###....
 Hailstorm                Conj/Ice       #.......     96%         4    #####..
 Freezing Cloud           Conj/Ice/Air   #.........   100%        6    #######
 Hydra Form               Tmut           #.........   100%        6    #######


Dungeon Overview and Level Annotations

Branches:
Dungeon (8/15)             Temple (0/1) D:5           Sewer (visited)
Ossuary (visited)
   Lair: D:8-11

Shops:
D:5 *   D:6 (   D:7 !

Annotations:
D:4 1 runed translucent door


Innate Abilities, Weirdness & Mutations

You have an increased reservoir of magic. (+10% MP)
Your mind is acute. (Int +2)
You are robust. (+10% HP)


Message History

The two-headed ogre closely misses you.
You riposte.
You hit the two-headed ogre. You freeze the two-headed ogre.
The two-headed ogre is heavily wounded.
The two-headed ogre hits you with a +0 dire flail!
* * * LOW HITPOINT WARNING * * *
Okay, then.
Evoke which item? (* to show all) (? for menu, Esc to quit)
Okay, then.
You feel much better.
You slash the two-headed ogre! You freeze the two-headed ogre.
The two-headed ogre is severely wounded.
The two-headed ogre hits you with a +0 giant club!!
The two-headed ogre hits you with a +0 dire flail!
* * * LOW HITPOINT WARNING * * *
You slash the two-headed ogre! You freeze the two-headed ogre.
The two-headed ogre is severely wounded.
The two-headed ogre hits you with a +0 giant club!
* * * LOW HITPOINT WARNING * * *
The two-headed ogre hits you with a +0 dire flail!
You die...

#.#....# #.####.# #.#
#)# #.# #.# #.# #.#
#.# #.# #.# #.#
####################.#
#.#
.........O@..........#
#.#
######################


You could see a two-headed ogre.

Vanquished Creatures
  Grinder (D:5)
  A hippogriff (D:7)
  2 orc warriors
  2 ogres
  A centaur (D:7)
  An elf zombie (Ossuary)
  4 bullfrogs (D:7)
  3 killer bees (D:7)
  3 howler monkeys (D:7)
  2 centaur zombies (Ossuary)
  3 jellies
  A crimson imp (D:5)
  5 human zombies (Ossuary)
  A gnoll shaman (D:3)
  3 orc priests
  2 hounds
  An iguana (D:4)
  A bullfrog skeleton (D:5)
  Terence (D:3)
  9 orc wizards
  6 worker ants
  A hound zombie (D:5)
  A hound skeleton (D:4)
  2 mummies (Ossuary)
  Robin (D:2)
  A worker ant zombie (D:7)
  6 gnolls
  9 adders
  An ooze (D:2)
  4 worms
  2 dart slugs
  10 leopard geckos
  34 orcs
  8 ball pythons
  6 giant cockroaches
  A gnoll zombie (D:7)
  9 hobgoblins
  10 jackals
  11 kobolds
  2 quokkas (D:4)
  4 bats
  10 frilled lizards
  16 goblins
  13 hobgoblin zombies (Ossuary)
  A jackal skeleton (D:6)
  2 jackal zombies
  7 kobold zombies (Ossuary)
  6 orc zombies (Ossuary)
  8 rats
  A rat zombie (Ossuary)
  A plant (Sewer)
241 creatures vanquished.

Vanquished Creatures (others)
  A goblin (D:2)
1 creature vanquished.

Grand Total: 242 creatures vanquished

Notes
Turn   | Place    | Note
-------+----------+-------------------------------------------
     0 | D:1      | Drachen the Demigod Gladiator began the quest for the Orb.
     0 | D:1      | Reached XP level 1. HP: 17/17 MP: 3/3
   465 | D:1      | Reached XP level 2. HP: 24/24 MP: 4/4
  1120 | D:1      | Reached skill level 1 in Armour
  1239 | D:2      | Noticed Robin
  1252 | D:2      | Reached XP level 3. HP: 23/29 MP: 5/5
  1278 | D:2      | Killed Robin
  1841 | D:2      | Reached XP level 4. HP: 19/36 MP: 6/6
  2592 | D:3      | Noticed Terence
  2615 | D:3      | Killed Terence
  2762 | D:3      | Found a glowing drain.
  2803 | Sewer    | Entered a sewer
  3306 | Sewer    | Reached XP level 5. HP: 41/41 MP: 7/7
  4549 | D:3      | Found a white marble altar of Elyvilon.
  5260 | D:4      | Found a radiant altar of Vehumet.
  5417 | D:3      | Reached XP level 6. HP: 48/48 MP: 8/8
  5513 | D:4      | Found a glowing silver altar of Zin.
  5513 | D:4      | Found a runed translucent door.
  5513 | D:4      | Noticed an angel
  5806 | D:4      | Identified the Guide on Confrontation and Transmigration
  6067 | D:5      | Entered Level 5 of the Dungeon
  6188 | D:5      | Found an ancient bone altar of Kikubaaqudgha.
  6188 | D:5      | Found a shadowy altar of Dithmenos.
  6190 | D:5      | Found a stormy altar of Qazlal.
  6190 | D:5      | Found a hazy altar of Hepliaklqana.
  6191 | D:5      | Found a sacrificial altar of Ru.
  6361 | D:5      | Reached XP level 7. HP: 55/55 MP: 9/9
  6424 | D:5      | Noticed Grinder
  6443 | D:5      | Reached skill level 5 in Short Blades
  6446 | D:5      | Reached skill level 5 in Dodging
  6468 | D:5      | Killed Grinder
  6762 | D:5      | Found a staircase to the Ecumenical Temple.
  6902 | D:5      | Found Exte's Assorted Antiques.
  6909 | D:5      | Bought a scroll labeled ZEIN AVUPT for 26 gold pieces
  6909 | D:5      | Bought an emerald potion for 23 gold pieces
  6956 | D:5      | Reached skill level 5 in Armour
  7363 | D:6      | Reached XP level 8. HP: 55/61 MP: 10/10
  7400 | D:6      | Found a shimmering altar of Xom.
  7428 | D:6      | Found Ruvyvvops's Antique Weapon Shoppe.
  7445 | D:6      | Bought a faintly glowing falchion for 168 gold pieces
  7445 | D:6      | Identified the cursed +2 falchion "Jeolavut" {freeze, Int+7
                  | SInv} (You bought it in a shop on level 6 of the Dungeon)
  7547 | D:6      | Reached skill level 1 in Long Blades
  7863 | D:7      | Found a shimmering blue altar of Sif Muna.
  7970 | D:7      | Found a sand-covered staircase.
  7980 | Ossuary  | Entered an ossuary
  8182 | Ossuary  | Reached skill level 5 in Long Blades
  8546 | D:7      | Noticed a hippogriff
  8561 | D:7      | Killed a hippogriff
  8679 | D:7      | Reached XP level 9. HP: 67/67 MP: 11/11
  8705 | D:7      | Found Gonycs's Distillery.
  8708 | D:7      | Bought a potion of mutation for 104 gold pieces
  8708 | D:7      | Gained mutation: Your mind is acute. (Int +2) [potion of
                  | mutation]
  8708 | D:7      | Gained mutation: You are robust. (+10% HP) [potion of
                  | mutation]
  9309 | D:7      | Got a bloodstained robe
  9320 | D:7      | Identified the +4 robe of the Ego {MP+9} (You found it on
                  | level 7 of the Dungeon)
  9506 | D:8      | Noticed a two-headed ogre
  9522 | D:8      | HP: 2/73 [two-headed ogre/+0 giant club (17)]
  9522 | D:8      | Mangled by a two-headed ogre

Illustrated notes

Levels and vault maps discovered:
D:1:      lightli_arrival_chessboard, layout_loops_corners
D:2:      layout_loops_cross, uniq_robin
D:3:      wad_river_or_something, layout_loops_corners, elyvilon_altar_3,
          first_ration, cheibrodos_sewer_entry_bend, uniq_terence
D:4:      layout_rooms, vehumet_altar_wand_db, corexii_hall_statues_x,
          grunt_decor_resistance, lemuel_angel_altar
D:5:      layout_basic, grunt_temple_overflow_open,
          minmay_temple_entry_nine_rooms, serial_shops, nicolae_shop_crystal,
          uniq_grinder
D:6:      layout_cave_pools, serial_shops, shop_coins, basic_altar
D:7:      kennysheep_orc_sif_temple, layout_basic, enter_ossuary_3,
          serial_shops, kennysheep_mini
D:8:      layout_basic, serial_shops, shop, uniq_grum

Skill      XL: |  1  2  3  4  5  6  7  8  9 |
---------------+----------------------------+-----
Throwing       | 2 |  2.0
Fighting       | 2 |  2.0
Short Blades   | 3 4 5 |  5.0
Armour         | 1 2 3 5 |  5.0
Dodging        | 3 4 6 7 |  7.0
Long Blades    | 6 7 |  7.3

Action                   |  1- 3 |  4- 6 |  7- 9 || total
-------------------------+-------+-------+-------++-------
Melee: Rapier            |   134 |   374 |   112 ||   620
       Falchion          |       |       |   348 ||   348
Throw: Throwing net      |     1 |       |       ||     1
       Dart              |       |       |    20 ||    20
Evoke: Wand              |       |       |     1 ||     1
  Use: Scroll            |       |     7 |     6 ||    13
       Potion            |       |       |     2 ||     2
 Stab: Sleeping          |     1 |       |       ||     1
       Held in net/web   |     1 |       |       ||     1
       Distracted        |       |     1 |       ||     1
  Eat: Chunk             |     1 |    17 |     8 ||    26
       Ration            |       |       |     1 ||     1
Armor: Leather armour    |    10 |       |       ||    10
       Ring mail         |    29 |   124 |   138 ||   291
Dodge: Dodged            |    91 |   241 |   364 ||   696
       Repelled          |       |     1 |     7 ||     8
       Rpst.: Falchion   |       |       |    95 ||    95
